 Dungeon Crawl Stone Soup version 0.18-a0-1435-gee79d65 (webtiles) character file.

109 M4edhros the Vandal (level 4, 0/43 HPs)
             Began as an Octopode Hunter on Feb 28, 2016.
             Succumbed to a worker ant's poison
             ... on level 5 of the Dungeon.
             The game lasted 00:04:23 (2043 turns).

M4edhros the Vandal (Octopode Hunter)               Turns: 2043, Time: 00:04:23

Health: 0/43       AC: 22    Str: 10    XL:     4   Next: 89%
Magic:  4/4        EV:  2    Int: 18    God:
Gold:   158        SH:  3    Dex: 13    Spells: 0 memorised, 3 levels left

rFire  + . .     SeeInvis .     b - +0 short sword
rCold  + . .     Gourm    .     m - +0 buckler
rNeg   + + +     Faith    .     (helmet currently unavailable)
rPois  +         Spirit   .     w - amulet of inaccuracy (curse)
rElec  +         Dismiss  .     f - +3 ring of strength
rCorr  +         Reflect  .     (no ring)
SustAt .         Harm     .     (no ring)
MR     .....     Clarity  +     (no ring)
Stlth  ++........ NoTele   +    (no ring)
                                (no ring)
                                (no ring)
                                (no ring)

@: brilliant, lethally poisoned (0 -> 0), exhausted, tree-form, resistant, not
resistant to hostile enchantments, unstealthy
A: almost no armour, amphibious, 8 rings, (constrict 8), (large bone plates 0),
(yellow scales 0), (camouflage 0), clarity, weak 2, (gelatinous body 0)
a: no special abilities


You were on level 5 of the Dungeon.
You were very hungry.
You were a tree.
You visited 1 branch of the dungeon, and saw 5 of its levels.

You collected 158 gold pieces.

Inventory:

Hand Weapons
 a - a +2 hunting sling
 b - a +0 short sword (weapon)
 h - a +0 blowgun
 r - a +0 hunting sling
Missiles
 c - 20 sling bullets
 g - 141 stones (quivered)
 n - 27 poisoned needles
Armour
 m - a +0 buckler (worn)
Jewellery
 f - a +3 ring of strength (left branch)
 w - a cursed amulet of inaccuracy (around neck)
Scrolls
 x - a scroll of fog
Potions
 k - a potion of brilliance
 l - a potion of resistance
 t - a potion of berserk rage
Comestibles
 d - 2 bread rations
 j - 3 meat rations
 o - a beef jerky
 p - 2 slices of pizza
 q - 3 fruits


   Skills:
 - Level 2.0 Fighting
 + Level 5.0 Slings
 + Level 3.8 Dodging
 - Level 1.3 Stealth


You had 3 spell levels left.
You didn't know any spells.

Dungeon Overview and Level Annotations

Branches:
Dungeon (5/15)
 Temple: D:4-7

Altars:
Pakellas

Shops:
D:5 [(

Annotations:
D:3 Robin
D:4 Amnesiac's ghost, novice OpTm


Innate Abilities, Weirdness & Mutations

You cannot wear most types of armour.
You are amphibious.
You can wear up to eight rings at the same time.
((You can use your tentacles to constrict eight enemies at once.))
((Your skin changes colour to match your surroundings (Stealth).))
((Your rubbery body absorbs attacks (AC +1).))
((You are partially covered in large bone plates (AC +2, SH +2).))
((You are partially covered in yellow scales (AC +2).))
You possess an exceptional clarity of mind.
You are very weak. (Str -4)


Message History

You feel sick.
Unknown command.
Unknown command.
Unknown command.
* * * LOW HITPOINT WARNING * * *
You feel sick.
Unknown command.
Unknown command.
Unknown command.
* * * LOW HITPOINT WARNING * * *
You feel sick.
Unknown command.
Unknown command.
* * * LOW HITPOINT WARNING * * *
You feel sick.
Unknown command.
Unknown command.
Unknown command.
You feel yourself speed up.
You die...

. # #.# #.# #.# #.#
#.# #####.#.####.#
#∩...###.....#
..######.###.#.######
#........####.##
..........# #.#
#########♣# #.# #.#
#.# #.# #.# #.# #.#
#.[.##.# ........#
###...### ##.## .?#


There were no monsters in sight!

Vanquished Creatures
  2 worker ants
  An adder (D:4)
  2 oozes (D:1)
  A worm (D:2)
  A dart slug (D:2)
  A ball python (D:2)
  3 giant cockroaches
  12 goblins
  2 hobgoblins
  4 jackals (D:3)
  2 quokkas
  A bat (D:1)
  3 kobolds
  3 rats
38 creatures vanquished.

Notes
Turn   | Place    | Note
--------------------------------------------------------------
     0 | D:1      | M4edhros the Octopode Hunter began the quest for the Orb.
     0 | D:1      | Reached XP level 1. HP: 14/14 MP: 1/1
   396 | D:1      | Reached XP level 2. HP: 12/19 MP: 2/2
   687 | D:2      | Found an oddly glowing altar of Pakellas.
   760 | D:2      | Reached XP level 3. HP: 24/24 MP: 3/3
  1383 | D:3      | Noticed Robin
  1759 | D:4      | Reached XP level 4. HP: 29/29 MP: 4/4
  1891 | D:4      | Noticed Amnesiac's ghost (novice OpTm)
  1922 | D:5      | Entered Level 5 of the Dungeon
  1984 | D:5      | Found Riffymay's Weapon Emporium.
  2004 | D:5      | Found Adyrch's Armour Emporium.
  2019 | D:5      | Gained mutation: You are resistant to hostile enchantments. [potion of mutation]
  2019 | D:5      | Gained mutation: You are partially covered in large bone plates (AC +2, SH +2). [potion of mutation]
  2019 | D:5      | Gained mutation: You are weak. (Str -2) [potion of mutation]
  2022 | D:5      | Reached skill level 5 in Slings
  2026 | D:5      | Lost mutation: You are resistant to hostile enchantments. [potion of cure mutation]
  2030 | D:5      | Gained mutation: You are partially covered in yellow scales (AC +2). [potion of mutation]
  2030 | D:5      | Gained mutation: You possess an exceptional clarity of mind. [potion of mutation]
  2030 | D:5      | Gained mutation: You are very weak. (Str -4) [potion of mutation]
  2033 | D:5      | HP: 2/43 [poisoned by a worker ant]
  2038 | D:5      | HP: 1/43 [poisoned by a worker ant]
  2043 | D:5      | Succumbed to a worker ant's poison

Vault maps used:
D:1:      dpeg_arrival_rhombus, grunt_decor_one_mirror
D:2:      minitemple, grunt_pakellas_basics
D:3:      ecumenical_altar_2, uniq_robin
D:4:      minmay_goblin_kobold_castle, first_bread, hangedman_decor_points
D:5:      gup_sewer_entry_spiral, serial_shops, shop, shop, basic_altar,
          bloody_trog

Skill      XL: |  1  2  3  4 |
---------------+-------------+-----
Dodging        | 3 |  3.8
Slings         | 5 |  5.0
Fighting       | |  2.0
Stealth        | |  1.3

Action                   |  1- 3 |  4- 6 || total
-------------------------+-------+-------++-------
Melee: Short sword       |    72 |     9 ||    81
  Use: Scroll            |     2 |     1 ||     3
       Potion            |       |     9 ||     9
 Stab: Sleeping          |     7 |       ||     7
  Eat: Chunk             |     2 |     1 ||     3
